 Dungeon Crawl Stone Soup version 0.31.0-32-g396128a36d (webtiles) character file.

Game seed: 17536749427089402734

163 hawla the Firebug (level 5, 0/23 (28) HPs)
             Began as a Deep Elf Fire Elementalist on Apr 7, 2024.
             Slain by Edmund
             ... wielding a +1 flail of draining
              (1 damage)
             ... on level 4 of the Dungeon.
             The game lasted 00:11:22 (2956 turns).

hawla the Firebug (Deep Elf Fire Elementalist)      Turns: 2956, Time: 00:11:22

HP:   0/23 (28)     AC:  5    Str:  5    XL:     5   Next: 20%
MP:   0/11          EV: 12    Int: 22    God:
Gold: 150           SH:  0    Dex: 15    Spells: 3/10 levels left

rFire   . . .        k - +2 quarterstaff (chaos)
rCold   . . .        (shield currently unavailable)
rNeg    . . .        a - +0 robe
rPois   +            (no helmet)
rElec   .            l - +2 cloak {rPois}
rCorr   .            (no gloves)
SInv    .            (no boots)
Will    .....        h - amulet of guardian spirit
Stlth   ++           (no ring)
HPRegen 0.23/turn    (no ring)
MPRegen 0.12/turn

%: guardian spirit
@: about to teleport, heavily drained
A: no striking features
a: no special abilities


You were on level 4 of the Dungeon.
You visited 1 branch of the dungeon, and saw 4 of its levels.

You collected 150 gold pieces.

Inventory:

Hand Weapons
 k - a +2 quarterstaff of chaos (weapon)
Armour
 a - a +0 robe (worn)
 l - a +2 cloak of poison resistance (worn)
Jewellery
 h - an amulet of guardian spirit (around neck)
Scrolls
 d - 2 scrolls of teleportation
 j - a scroll of poison {unknown}
 n - a scroll of amnesia {unknown}
 o - a scroll of enchant weapon {unknown}
Potions
 b - a potion of magic
 c - a potion of heal wounds {unknown}
 f - 4 potions of curing {unknown}
 g - 2 potions of enlightenment {unknown}
 m - a potion of attraction {unknown}


   Skills:
 - Level 2.4 Dodging
 - Level 2.4 Stealth
 - Level 3.0 Spellcasting
 + Level 3.2 Conjurations
 * Level 5.6 Fire Magic


You had 3 spell levels left.
You knew the following spells:

 Your Spells              Type           Power      Damage    Failure   Level
a - Foxfire               Conj/Fire      92%        2x1d8     1%          1
b - Scorch                Fire           56%        2d7       1%          2
c - Flame Wave            Conj/Fire      23%        2d8       21%         4

Your spell library contained the following spells:

 Spells                   Type           Power      Damage    Failure   Level
 Shock                    Conj/Air       40%        1d5       6%          1
 Inner Flame              Hex/Fire       15%        N/A       12%         3
 Volatile Blastmotes      Fire/Tloc      30%        2d12      12%         3
 Mercury Vapours          Alch/Air       6%         N/A       19%         2
 Dazzling Flash           Conj/Hex       20%        N/A       19%         3
 Mephitic Cloud           Conj/Alch/Air  8%         N/A       24%         3
 Swiftness                Air            3%         N/A       36%         3
 Airstrike                Air            1%         2d(1-17)  77%         4
 Freezing Cloud           Conj/Ice/Air   4%         6-21      91%         5
 Curse of Agony           Necr           3%         N/A       98%         5
 Silence                  Hex/Air        1%         N/A       98%         5
 Summon Forest            Summ/Tloc      1%         N/A       98%         5
 Summon Mana Viper        Hex/Summ       3%         N/A       98%         5
 Summon Cactus Giant      Summ           1%         N/A       100%        6


Dungeon Overview and Level Annotations

Branches:
Dungeon (4/15)
 Temple: D:4-7

Altars:
Ru
Wu Jian

Annotations:
D:4 Edmund


Message History

As you read the scroll labelled REEBUN URATITO, it crumbles to dust.
You feel strangely unstable.
It was a scroll of teleportation.
As you read the scroll labelled VEFASK FYIBB, it crumbles to dust.
It is a scroll of identify.
i - a scroll of immolation Your foxfire dissipates! x2
Autopickup disabled for scrolls of immolation.
You drop a scroll of immolation.
You start putting on your amulet.
You continue putting on your amulet of guardian spirit.
Your surroundings suddenly seem different.
Found a scroll of identify.
You continue putting on your amulet of guardian spirit. x2
Edmund shouts!
The howler monkey howls!
The adder hisses angrily.
You hear an angry hiss.
The quokka barely misses you. Edmund barely misses you.
You continue putting on your amulet of guardian spirit.
The quokka barely misses you.
Edmund hits you with a +1 flail of draining!
You feel drained.
You continue putting on your amulet of guardian spirit.
The howler monkey hits you but does no damage.
The quokka misses you.
Edmund hits you with a +1 flail of draining!
You feel drained.
* * * LOW HITPOINT WARNING * * *
You finish putting on your amulet of guardian spirit.
You feel your power drawn to a protective spirit.
h - an amulet of guardian spirit (around neck)
As you read the scroll of teleportation, it crumbles to dust.
You feel strangely unstable. The howler monkey closely misses you.
The quokka bites you.
* * * LOW HITPOINT WARNING * * *
The howler monkey hits you.
* * * LOW HITPOINT WARNING * * *
Edmund hits you with a +1 flail of draining!
* * * LOW HITPOINT WARNING * * *
You feel drained.
You die...
Edmund says, "I'd like to see a scythe do that!"

# ### ##..##
...# #....#
..# .....#
..# .......
.?## .......
#..# .......
#..# .......
##..# .....#.
#S@r# .....#
#.h@......
#.##.#
...S.......
#.# ..
#....#.B....
..#
##..........
...
...........
#.. ......
.....
##.#.........


You could see Edmund, a howler monkey, 2 adders, a quokka and a giant cockroach.

Vanquished Creatures
  Crazy Yiuf (D:2)
  Terence (D:3)
  3 gnolls (D:2)
  2 adders
  4 dart slugs
  A ribbon worm (D:2)
  4 endoplasms (D:1)
  5 giant cockroaches (D:1)
  3 goblins (D:2)
  A hobgoblin (D:3)
  2 jackals (D:1)
  A quokka (D:2)
  8 ball pythons
  7 bats
  8 frilled lizards
  4 kobolds
  8 rats
63 creatures vanquished.

Vanquished Creatures (others)
  158 foxfires
158 creatures vanquished.

Grand Total: 221 creatures vanquished

Notes
Turn   | Place    | Note
-------+----------+-------------------------------------------
     0 | D:1      | hawla the Deep Elf Fire Elementalist began the quest for
                  | the Orb.
     0 | D:1      | Reached XP level 1. HP: 10/10 MP: 6/6
   162 | D:1      | Reached XP level 2. HP: 15/15 MP: 1/8
   435 | D:1      | Reached skill level 4 in Fire Magic
   880 | D:1      | Reached XP level 3. HP: 19/19 MP: 6/9
  1380 | D:2      | Found an ornate altar of the Wu Jian Council.
  1393 | D:2      | Reached XP level 4. HP: 24/24 MP: 6/10
  1668 | D:2      | Reached skill level 5 in Fire Magic
  1844 | D:2      | Found a runed translucent door.
  1845 | D:2      | Noticed Crazy Yiuf
  1994 | D:2      | Found a faded altar of an unknown god.
  2007 | D:2      | Learned a level 2 spell: Scorch
  2121 | D:2      | Killed Crazy Yiuf
  2136 | D:2      | Learned a level 4 spell: Flame Wave
  2471 | D:3      | Noticed Terence
  2476 | D:3      | Killed Terence
  2477 | D:3      | Reached XP level 5. HP: 28/28 MP: 5/11
  2548 | D:3      | Found a sacrificial altar of Ru.
  2951 | D:4      | Noticed Edmund
  2956 | D:4      | HP: 1/24 [Edmund/+1 flail of draining (3)]
  2956 | D:4      | Slain by Edmund

Illustrated notes

Levels and vault maps discovered:
D:1:      dpeg_arrival_short_road, layout_loops_ring
D:2:      layout_loops_ring, chequers_ecumenical_altar_grove, basic_altar,
          uniq_crazy_yiuf_cottage
D:3:      layout_loops_cross, nicolae_overflow_crystal_walls, uniq_terence
D:4:      layout_cave_pools, marbit_many_paths, serial_shops,
          nicolae_shop_tiny_glass, uniq_edmund

Skill      XL: |  1  2  3  4 |
---------------+-------------+-----
Fire Magic     | 4 5 |  5.6
Conjurations   | 2 3 |  3.2
Dodging        | |  2.4
Stealth        | |  2.4
Spellcasting   | |  3.0

Action                     |  1- 3 |  4- 6 || total
---------------------------+-------+-------++-------
  Melee: Unarmed           |     8 |     3 ||    11
         Quarterstaff      |       |     9 ||     9
   Cast: Foxfire           |    63 |    33 ||    96
         Scorch            |       |     2 ||     2
    Use: Scroll            |     1 |     3 ||     4
 Armour: Robe              |     8 |    19 ||    27
  Dodge: Dodged            |    13 |    20 ||    33
